 Dungeon Crawl Stone Soup version 0.28-a0-1033-g1a2f33fa85 (webtiles) character file.

Game seed: 6736136990554367024

2631 siradein the Cudgeller (level 9, -1/91 HPs)
             Began as a Troll Berserker on Dec 7, 2021.
             Was a Priest of Trog.
             Slain by a wyvern (13 damage)
             ... on level 7 of the Dungeon.
             The game lasted 00:21:49 (7074 turns).

siradein the Cudgeller (Troll Berserker)            Turns: 7074, Time: 00:21:49

Health: -1/91      AC:  6    Str: 29    XL:     9   Next: 35%
Magic:  8/8        EV: 11    Int:  3    God:    Trog [***...]
Gold:   312        SH:  0    Dex: 11    Spells: 8/8 levels left

rFire   . . .      SeeInvis .   A - +0 giant club
rCold   + . .      Faith    .   (shield currently unavailable)
rNeg    + . .      Spirit   .   e - +1 robe {rN+}
rPois   .          Reflect  .   (helmet restricted)
rElec   .          Harm     .   t - +0 cloak
rCorr   +          Rampage  .   (gloves unavailable)
Will    .....                   (boots unavailable)
Stlth   +.........              (no amulet)
HPRegen 1.05/turn               o - ring of protection from cold
MPRegen 0.11/turn               u - ring of resist corrosion

@: no status effects
A: large, unfitting armour, claws 3, regeneration 1, shaggy fur 1, tough skin 1
a: Renounce Religion, Berserk, Trog's Hand


You were on level 7 of the Dungeon.
You worshipped Trog.
Trog was most pleased with you.
You visited 1 branch of the dungeon, and saw 8 of its levels.

You collected 366 gold pieces.
You spent 54 gold pieces at shops.

Inventory:

Hand Weapons
 n - a +2 whip of venom
 A - a +0 giant club (weapon)
Missiles
 a - 60 poisoned darts (quivered)
 r - 2 atropa-tipped darts
Armour
 e - a +1 robe of positive energy (worn)
 t - a +0 cloak (worn)
Jewellery
 o - a ring of protection from cold (left claw)
 u - a ring of resist corrosion (right claw)
Wands
 m - a wand of flame (19)
 C - a wand of iceblast (20)
Scrolls
 c - 2 scrolls of teleportation
 i - 2 scrolls of acquirement
 k - 2 scrolls of blinking
 l - 3 scrolls of immolation
 s - a scroll of brand weapon {unknown}
 w - a scroll of magic mapping {unknown}
 x - a scroll of fear {unknown}
 y - 2 scrolls of fog {unknown}
 B - a scroll of amnesia {unknown}
 F - a scroll of noise {unknown}
Potions
 b - a potion of curing
 d - 2 potions of flight {unknown}
 f - 2 potions of lignification {unknown}
 g - 2 potions of mutation
 h - a potion of ambrosia {unknown}
 j - 2 potions of attraction
 p - 2 potions of cancellation {unknown}
 q - a potion of brilliance {unknown}
 v - a potion of resistance {unknown}
 z - a potion of haste {unknown}
 D - a potion of might {unknown}
 E - a potion of heal wounds {unknown}
 G - a potion of invisibility {unknown}
 H - a potion of degeneration {unknown}


   Skills:
 + Level 6.3 Fighting
 + Level 6.9 Maces & Flails
 + Level 3.1 Armour
 + Level 6.3 Dodging


You had 8 spell levels left.
You didn't know any spells.
Your spell library was empty.

Dungeon Overview and Level Annotations

Branches:
Dungeon (8/15)             Temple (0/1) D:4
   Lair: D:8-11

Altars:
Dithmenos
Gozag
Makhleb
Nemelex Xobeh
Ru
Vehumet
Xom

Shops:
D:2 [:   D:3 *


Innate Abilities, Weirdness & Mutations

You are too large for most types of armour.
You have claws for hands.
Your natural rate of healing is unusually fast.
You are covered in fur. (AC +1)
You have tough skin. (AC +1)


Message History

The wyvern is moderately wounded.
The wyvern bites you! x2
You hit the wyvern but do no damage.
The wyvern is moderately wounded.
The wyvern closely misses you. The wyvern misses you.
You barely miss the wyvern.
The wyvern is moderately wounded.
The wyvern bites you. The wyvern completely misses you.
You barely miss the wyvern.
The wyvern is moderately wounded.
The wyvern bites you! The kobold hits you but does no damage.
The wyvern bites you! The kobold closely misses you.
You are too injured to fight recklessly!
The wyvern barely misses you. The wyvern bites you.
The wyvern closely misses you.
The wyvern bites you but does no damage.
The wyvern bites you but does no damage.
The wyvern misses you. The wyvern bites you!
The wyvern bites you but does no damage.
The wyvern bites you but does no damage.
The kobold zaps a wand.
You easily resist.
The wyvern bites you!
* * * LOW HITPOINT WARNING * * *
The kobold zaps a wand.
Your will is overpowered!
You are confused.
There is an escape hatch in the ceiling, spattered with blood here.
The wyvern closely misses you. A mysterious force pulls you upwards.
The hatch slams shut behind you. The wyvern bites you.
* * * LOW HITPOINT WARNING * * *
You bump into the rock wall.
The wyvern barely misses you.
The wyvern bites you but does no damage.
You bump into the rock wall.
You feel less confused. The wyvern bites you!
* * * LOW HITPOINT WARNING * * *
The wyvern bites you!
You die...

.# ###.# ####.###### .# #...#
#....(....# .# ###...###
#.##.####.#
.############....รท..# #.##.# #.#
....................# #.##.# #.#
.############.......###.##.# #.#
.# ##....####...#.# #.# .#
#..l.##.......# #.# .#
#.#@###.#...### #.# .# #.#.#
#.##.## #.# .# #.#.# #.##.# #.#
.# #.#.# #.##.#######.# .# #.#.#
#.##.........# .#############.#.#
#.############ .##..............#
#.# #####
.##.##########.#####.########...#
###.# #.#...............#..


You could see a wyvern.

Vanquished Creatures
  A wyvern (D:7)
  A water moccasin (D:7)
  An orc warrior (D:8)
  2 ice beasts
  A black bear (D:4)
  2 hornet zombies (D:6)
  A necrophage (D:5)
  An ogre (D:6)
  A centaur (D:8)
  A phantom (D:6)
  A bullfrog (D:7)
  2 wyvern zombies
  A scorpion (D:7)
  A wyvern skeleton (D:6)
  A water moccasin skeleton (D:5)
  3 killer bees (D:7)
  3 howler monkeys (D:8)
  2 bullfrog zombies (D:5)
  3 hounds
  2 jellies
  3 centaur skeletons
  2 orc priests
  Terence (D:2)
  2 iguanas
  7 orc wizards
  A hound skeleton (D:4)
  2 howler monkey zombies
  Robin (D:2)
  3 gnolls (D:4)
  11 adders
  3 white imps (D:7)
  An ufetubus (D:4)
  An adder skeleton (D:4)
  6 worms
  19 orcs
  3 bats (D:2)
  2 endoplasms
  6 hobgoblins
  2 jackals
  3 quokkas
  2 ball pythons (D:2)
  A frilled lizard (D:2)
  13 goblins
  6 kobolds
  2 rats (D:3)
134 creatures vanquished.

Vanquished Creatures (others)
  An orc wizard (D:6)
1 creature vanquished.

Grand Total: 135 creatures vanquished

Notes
Turn   | Place    | Note
-------+----------+-------------------------------------------
     0 | D:1      | siradein the Troll Berserker began the quest for the Orb.
     0 | D:1      | Reached XP level 1. HP: 22/22 MP: 0/0
   216 | D:1      | Found a faded altar of an unknown god.
   950 | D:2      | Noticed Terence
   957 | D:2      | Killed Terence
   958 | D:2      | Reached XP level 2. HP: 29/29 MP: 1/1
   958 | D:2      | Reached XP level 3. HP: 36/36 MP: 2/2
  1140 | D:2      | Found Irphikot's Book Shoppe.
  1232 | D:2      | Found Yjybofyfai's Armour Boutique.
  1423 | D:2      | Reached XP level 4. HP: 45/45 MP: 3/3
  1437 | D:2      | Found a shadowy altar of Dithmenos.
  1847 | D:2      | Noticed Robin
  1849 | D:2      | Killed Robin
  1928 | D:3      | Found Gozag's Platinum Reserve.
  1929 | D:3      | Found an opulent altar of Gozag.
  1964 | D:3      | Reached ** piety under Trog
  2000 | D:3      | Reached XP level 5. HP: 44/53 MP: 4/4
  2074 | D:3      | You fall into a shaft and drop 2 floors!
  2074 | D:5      | Entered Level 5 of the Dungeon
  2239 | D:3      | Found a faded altar of an unknown god.
  2784 | D:2      | Bought a +0 cloak for 54 gold pieces
  3120 | D:4      | Reached XP level 6. HP: 59/62 MP: 5/5
  3146 | D:4      | Identified a scroll of acquirement
  3228 | D:4      | Found a shimmering altar of Xom.
  3351 | D:4      | Found a staircase to the Ecumenical Temple.
  3568 | D:4      | Found a burning altar of Makhleb.
  3568 | D:4      | Found a sparkling altar of Nemelex Xobeh.
  3568 | D:4      | Found a radiant altar of Vehumet.
  4017 | D:4      | Found a sacrificial altar of Ru.
  4078 | D:5      | Reached XP level 7. HP: 68/70 MP: 6/6
  4287 | D:5      | Reached skill level 5 in Maces & Flails
  4720 | D:5      | Reached skill level 5 in Dodging
  4738 | D:5      | Reached skill level 5 in Fighting
  4970 | D:6      | Reached XP level 8. HP: 78/80 MP: 7/7
  5442 | D:6      | Reached skill level 1 in Armour
  6037 | D:7      | Reached *** piety under Trog
  6285 | D:7      | Reached XP level 9. HP: 61/89 MP: 8/8
  7074 | D:7      | Slain by a wyvern

Illustrated notes

Levels and vault maps discovered:
D:1:      minmay_arrival_wavy_path, layout_loops_cross,
          chequers_ecumenical_altar_twisty
D:2:      layout_basic, basic_altar, serial_shops, nicolae_shop_crystal,
          nicolae_square_shop, uniq_robin, uniq_terence
D:3:      layout_loops_ring, nicolae_overflow_ecumenical_swirl,
          nicolae_gozag_zags_fifth_avenue, grunt_decor_mini_mirrors,
          minivault_25, minmay_fractal_squares_diagonal_5
D:4:      layout_layer_cave, nicolae_overflow_hidden_temple, lemuel_tele_altar,
          minmay_temple_entry_enclosed_plants, hangedman_decor_clover_reticule,
          nicolae_zen_rock_garden, minmay_vboxes
D:5:      layout_cave_pools
D:6:      layout_loops_corners, nicolae_elevator_lobby_asterisk
D:7:      layout_loops_ring
D:8:      layout_cave_pools, trog_butcher_becter, nicolae_elyvilon_temple_path

Skill      XL: |  1  2  3  4  5  6  7  8  9 |
---------------+----------------------------+-----
Maces & Flails | 3 4 5 6 |  6.9
Fighting       | 3 4 5 6 |  6.3
Dodging        | 3 4 5 6 |  6.3
Armour         | 2 3 |  3.1

Action                   |  1- 3 |  4- 6 |  7- 9 || total
-------------------------+-------+-------+-------++-------
Melee: Mace              |    78 |    73 |       ||   151
       Whip              |       |   164 |   127 ||   291
       Giant club        |       |       |   162 ||   162
Invok: Berserk           |     1 |       |       ||     1
       Trog's Hand       |       |       |     1 ||     1
  Use: Scroll            |       |     3 |     3 ||     6
       Potion            |       |       |     1 ||     1
Armor: Animal skin       |     4 |       |       ||     4
       Robe              |    35 |   102 |   115 ||   252
Dodge: Dodged            |    50 |   123 |   178 ||   351

Table legend: (Time is in decaauts)
 A = Elapsed time spent in this place.
 B = Non-inter-level travel time spent in this place.
 C = Inter-level travel time spent in this place.
 D = Time resting spent in this place.
 E = Time spent auto-exploring this place.
 F = Levels seen in this place.
 G = Mean time per level.
                   A        B        C        D        E       F      G
               +--------+--------+--------+--------+--------+-----+--------+
         Total |   7124 |   6760 |    364 |    331 |   5033 |   8 |  890.5 |
       Dungeon |   7124 |   6760 |    364 |    331 |   5033 |   8 |  890.5 |
               +--------+--------+--------+--------+--------+-----+--------+

Top non-repeatable levels by time:
     D:4: 1295 daAuts
     D:2: 1065 daAuts
     D:6: 965 daAuts
     D:1: 919 daAuts
     D:7: 882 daAuts
     D:3: 853 daAuts
     D:5: 807 daAuts
     D:8: 335 daAuts
